 Dungeon Crawl Stone Soup version 0.23.0 (webtiles) character file.

Game seed: 15602150475850057083

8479 Monsterracer the Basher (level 11, 0/69 HPs)
             Began as a Gargoyle Fighter on Feb 11, 2019.
             Was a Priest of the Shining One.
             Slain by a freezing wraith (9 damage)
             ... on level 10 of the Dungeon.
             The game lasted 00:11:44 (10896 turns).

Monsterracer the Basher (Gargoyle Fighter)         Turns: 10896, Time: 00:11:44

Health: 0/69       AC: 22    Str: 23    XL:     11   Next: 31%
Magic:  15/15      EV:  5    Int:  9    God:    the Shining One [***...]
Gold:   615        SH: 25    Dex:  9    Spells: 10/10 levels left

rFire    . . .     SeeInvis .   a - +0 morningstar
rCold    + . .     Gourm    .   o - +0 large shield
rNeg     + + .     Faith    +   A - +0 chain mail
rPois    ∞         Spirit   .   (no helmet)
rElec    +         Reflect  .   g - +2 cloak
rCorr    .         Harm     .   i - -1 pair of gloves
MR       .....                  (no boots)
Stlth    ..........             j - amulet of faith
HPRegen  0.21/turn              C - ring of protection from cold {!d}
MPRegen  0.14/turn              y - ring of attention (curse)

@: divine shield, slowed, glowing, very slow
A: negative energy resistance 1, electricity resistance, unbreathing,
petrification resistance, rot immunity, AC +8
a: Divine Shield, Renounce Religion


You were on level 10 of the Dungeon.
You worshipped the Shining One.
The Shining One was most pleased with you.
You were not hungry.

You visited 2 branches of the dungeon, and saw 12 of its levels.

You collected 615 gold pieces.

Inventory:

Hand Weapons
 a - a +0 morningstar (weapon)
Missiles
 x - 2 throwing nets (quivered) {!f}
Armour
 g - a +2 cloak (worn)
 i - a -1 pair of gloves (worn)
 o - a +0 large shield (worn)
 A - a +0 chain mail (worn)
Jewellery
 j - an amulet of faith (around neck)
 v - an uncursed ring of ice
 y - a cursed ring of attention (right hand)
 C - a ring of protection from cold (left hand) {!d}
 E - an uncursed amulet of magic regeneration {unknown}
Wands
 l - a wand of polymorph (6)
 u - a wand of flame (10)
Scrolls
 m - 2 scrolls of magic mapping
 p - a scroll of enchant weapon
 r - 8 scrolls of remove curse
 s - a scroll of summoning {!r}
 t - 4 scrolls of teleportation {!r}
 B - a scroll of amnesia
 F - a scroll of immolation {unknown}
 G - a scroll of fear {unknown}
Potions
 d - a potion of heal wounds
 e - 6 potions of curing
 h - a potion of lignification
 k - 2 potions of mutation {!q}
 n - 4 potions of flight
 q - 2 potions of resistance
 w - 4 potions of might
 z - 2 potions of brilliance
 D - a potion of degeneration {unknown}
Comestibles
 c - 22 rations


   Skills:
 + Level 8.5 Fighting
 * Level 10.7 Maces & Flails
 + Level 8.4 Armour
 + Level 8.5 Shields
 + Level 6.6 Invocations


You had 10 spell levels left.
You didn't know any spells.
Your spell library contained the following spells:

 Spells                   Type           Power        Failure   Level  Hunger
 Confusing Touch          Hex            #.....       100%        1    ##.....
 Confuse                  Hex            #.......     100%        3    ####...
 Gell's Gravitas          Tloc           #.........   100%        3    ####...
 Petrify                  Tmut/Erth      #.......     100%        4    #####..
 Metabolic Englaciation   Hex/Ice        #.........   100%        5    ######.
 Yara's Violent Unravell  Hex/Tmut       #.........   100%        5    ######.


Dungeon Overview and Level Annotations

Branches:
Dungeon (11/15)            Temple (1/1) D:4
   Lair: D:8-11         Orc: D:9-12

Altars:
Ashenzari
Cheibriados
Dithmenos
Elyvilon
Fedhas
Gozag
Hepliaklqana
Kikubaaqudgha
Makhleb
Nemelex Xobeh
Okawaru
Qazlal
Ru
Sif Muna
Trog
Uskayaw
Vehumet
Wu Jian
Xom
Yredelemnul
Zin
The Shining One


Innate Abilities, Weirdness & Mutations

You are resistant to torment.
Your stone body is resilient. (AC +8)
You are immune to poison.
You resist negative energy. (rN+)
You are resistant to electric shocks. (rElec)
You can survive without breathing.
You are immune to petrification.
You are immune to rotting.


Message History

Unknown command.
You puncture the freezing wraith!
The freezing wraith is severely damaged.
You block the freezing wraith's attack. x2
The freezing wraith hits you but does no damage.
You block the freezing wraith's attack.
You hit the freezing wraith but do no damage.
The freezing wraith is severely damaged.
The freezing wraith hits you!
* * * LOW HITPOINT WARNING * * *
The freezing wraith freezes you. You resist.
* * * LOW HITPOINT WARNING * * *
You block the freezing wraith's attack.
You take 15 damage, and have 9/69 hp.
MASSIVE DAMAGE!!
Really quaff
b - a potion of ambrosia {!q}?
You are confused.
You feel invigorated. The freezing wraith hits you.
* * * LOW HITPOINT WARNING * * *
The freezing wraith freezes you. You resist.
* * * LOW HITPOINT WARNING * * *
The freezing wraith hits you.
* * * LOW HITPOINT WARNING * * *
The freezing wraith drains your vigour!
You feel as though you will be slow longer.
The freezing wraith hits you but does no damage.
The freezing wraith hits you. The Shining One protects you from harm!
The freezing wraith drains your vigour!
You feel as though you will be slow longer.
You take 4 damage, and have 5/69 hp.
MP restored: 15 You're too confused to move!
The freezing wraith hits you but does no damage.
The freezing wraith hits you!
* * * LOW HITPOINT WARNING * * *
The freezing wraith drains your vigour!
You feel as though you will be slow longer.
You take 1 damage, and have 4/69 hp.
Unknown command.
You bump into the rock wall.
The freezing wraith hits you but does no damage. x2
The freezing wraith barely misses you. The freezing wraith hits you.
* * * LOW HITPOINT WARNING * * *
You regained 5 hp, and now have 9/69 hp.
Unknown command.
You're too confused to move!
The freezing wraith barely misses you.
The freezing wraith hits you but does no damage.
You regained 7 hp, and now have 16/69 hp.
You bump into the rock wall.
The freezing wraith hits you but does no damage.
The freezing wraith hits you.
* * * LOW HITPOINT WARNING * * *
The freezing wraith hits you but does no damage.
The freezing wraith hits you.
* * * LOW HITPOINT WARNING * * *
The freezing wraith drains your vigour!
You feel as though you will be slow longer.
You take 8 damage, and have 8/69 hp.
Unknown command.
You bump into the rock wall.
You feel less invigorated.
You feel less confused.
You block the freezing wraith's attack. x2
You regained 5 hp, and now have 13/69 hp.
Evoke which item? (* to show all) (? for menu, Esc to quit)
Aiming: Throw Flame
Press: ? - help, Shift-Dir - straight line, f - freezing wraith
Aim: a freezing wraith (severely damaged, haloed)
The puff of flame hits the freezing wraith but does no damage.
The freezing wraith is severely damaged.
The freezing wraith barely misses you. You block the freezing wraith's attack.
The freezing wraith hits you but does no damage.
You block the freezing wraith's attack.
Press: ? - help, v - describe, . - travel, g - get item
Here: a freezing wraith (severely damaged, haloed)
A hound corpse.
The floor, spattered with blood.
There's nothing to close nearby.
Your shield and chain mail prevent you from hitting the freezing wraith.
The freezing wraith is severely damaged.
You block the freezing wraith's attack.
The freezing wraith hits you but does no damage.
You barely miss the freezing wraith.
The freezing wraith is severely damaged.
You block the freezing wraith's attack. The freezing wraith barely misses you.
You block the freezing wraith's attack. The freezing wraith hits you.
* * * LOW HITPOINT WARNING * * *
The freezing wraith drains your vigour!
You feel as though you will be slow longer.
You take 2 damage, and have 12/69 hp.
Unknown command.
You hit the freezing wraith.
The freezing wraith is almost destroyed.
You block the freezing wraith's attack. x3
The freezing wraith barely misses you.
Your shield and chain mail prevent you from hitting the freezing wraith.
The freezing wraith is severely damaged.
The freezing wraith hits you.
* * * LOW HITPOINT WARNING * * *
The freezing wraith freezes you! You resist.
You die...

##...###...........#
(#.#.#.#...........#
.#...#.#.#..##.....#
.#...#.#....##...#.#
.#...'.#...........#
.#.#.###.#.........#
.#.#.......#####.#.#
.#.........'...#[#.#
.#.......#.#...#@#.#
.#.#.###...#...#W#.#
.#...# #...#...#.#.#
.#...# #...#...'.#.#
.'.#.# #.#.#>..#.#.#
.#...# #...#...#...#
.#...# #...#...#..>#
##.#.###.#.#...#...#
##.........#...#...#


You could see a freezing wraith.

Vanquished Creatures
  A two-headed ogre (D:8)
  An unseen horror (D:9)
  Pikel (D:5)
  A manticore (D:10)
  Maurice (D:10)
  Psyche (D:10)
  A troll (D:7)
  Grinder (D:3)
  2 hippogriffs
  A meliai zombie (D:8)
  Sigmund (D:2)
  2 wyverns
  7 yaks
  3 hungry ghosts
  Edmund (D:5)
  A warg (D:10)
  An ice beast (D:5)
  2 orc warriors
  2 sky beasts
  5 ogres
  A crocodile (D:10)
  A centaur (D:8)
  3 bullfrogs
  2 scorpions (D:5)
  2 howler monkeys (D:4)
  3 crimson imps
  A centaur zombie (D:8)
  A bullfrog skeleton (D:6)
  A bullfrog zombie (D:7)
  An iron imp (D:9)
  6 orc priests
  5 orc wizards
  6 hounds
  4 jellies
  Crazy Yiuf (D:2)
  6 worker ants
  4 iguanas
  A hound skeleton (D:8)
  11 adders
  2 howler monkey skeletons (D:4)
  2 shadow imps
  6 oozes
  2 adder zombies
  4 worms
  3 dart slugs
  6 leopard geckos
  30 orcs
  4 bats
  5 giant cockroaches
  7 goblins
  8 hobgoblins
  4 jackals
  3 quokkas
  2 ball pythons
  5 frilled lizards
  A jackal zombie (D:8)
  5 kobolds
  A leopard gecko zombie (D:9)
  6 rats
202 creatures vanquished.

Vanquished Creatures (others)
  A slave (D:6)
1 creature vanquished.

Grand Total: 203 creatures vanquished

Notes
Turn   | Place    | Note
-------+----------+-------------------------------------------
     0 | D:1      | Monsterracer the Gargoyle Fighter began the quest for the
                  | Orb.
     0 | D:1      | Reached XP level 1. HP: 14/14 MP: 1/1
   121 | D:1      | HP: 7/14 [kobold (3)]
   126 | D:1      | HP: 6/14 [kobold (1)]
   131 | D:1      | Reached XP level 2. HP: 9/19 MP: 2/2
   421 | D:1      | Reached skill level 3 in Maces & Flails
   641 | D:1      | Reached XP level 3. HP: 23/23 MP: 3/3
  1055 | D:2      | Noticed Sigmund
  1067 | D:2      | Killed Sigmund
  1067 | D:2      | Reached skill level 4 in Maces & Flails
  1067 | D:2      | Reached XP level 4. HP: 20/29 MP: 4/4
  1067 | D:2      | Reached XP level 5. HP: 22/33 MP: 5/5
  1242 | D:2      | Reached XP level 6. HP: 38/38 MP: 6/6
  1302 | D:2      | Found a runed translucent door.
  1303 | D:2      | Noticed Crazy Yiuf
  1424 | D:2      | HP: 18/38 [Crazy Yiuf/+4 quarterstaff of chaos (6)]
  1426 | D:2      | Killed Crazy Yiuf
  1989 | D:3      | Noticed Grinder
  1989 | D:3      | Paralysed by Grinder for 3 turns
  1997 | D:3      | Paralysed by Grinder for 5 turns
  2006 | D:3      | Paralysed by Grinder for 5 turns
  2043 | D:3      | HP: 19/38 [Grinder (1)]
  2043 | D:3      | Paralysed by Grinder for 5 turns
  2049 | D:3      | Killed Grinder
  2049 | D:3      | Reached skill level 5 in Maces & Flails
  2049 | D:3      | Reached XP level 7. HP: 12/44 MP: 7/7
  3098 | D:4      | Found a hazy altar of Hepliaklqana.
  3098 | D:4      | Found a sacrificial altar of Ru.
  3103 | D:4      | Found a blossoming altar of Fedhas.
  3105 | D:4      | Found a stormy altar of Qazlal.
  3107 | D:4      | Found a shadowy altar of Dithmenos.
  3248 | D:4      | Got a colourful robe
  3287 | D:4      | Reached skill level 5 in Shields
  3408 | D:4      | Reached skill level 6 in Maces & Flails
  3628 | D:4      | Found a staircase to the Ecumenical Temple.
  3629 | D:4      | Found a faded altar of an unknown god.
  3633 | D:4      | Reached skill level 5 in Fighting
  3633 | D:4      | Reached skill level 5 in Armour
  3638 | Temple   | Entered the Ecumenical Temple
  3782 | Temple   | Became a worshipper of the Shining One
  4189 | D:5      | Entered Level 5 of the Dungeon
  4291 | D:5      | Noticed Edmund
  4314 | D:5      | Killed Edmund
  4314 | D:5      | Reached skill level 1 in Invocations
  4314 | D:5      | Reached XP level 8. HP: 43/49 MP: 8/8
  5460 | D:6      | Reached skill level 7 in Maces & Flails
  5494 | D:6      | Reached * piety under the Shining One
  5515 | D:6      | HP: 17/51 [orc priest/divine providence (16)]
  5524 | D:6      | Noticed Pikel
  5530 | D:6      | HP: 18/51 [bullfrog (2)]
  5537 | D:6      | HP: 6/51 [bullfrog (5)]
  5543 | D:6      | HP: 5/51 [bullfrog (2)]
  5550 | D:6      | HP: 4/51 [bullfrog (2)]
  5955 | D:5      | Reached XP level 9. HP: 32/55 MP: 11/11
  6059 | D:5      | Killed Pikel
  6225 | D:6      | Reached skill level 8 in Maces & Flails
  6478 | D:7      | You fall through a shaft for 3 floors!
  6478 | D:10     | Entered Level 10 of the Dungeon
  6582 | D:10     | Noticed Maurice
  6663 | D:10     | Killed Maurice
  6663 | D:10     | Reached XP level 10. HP: 61/63 MP: 13/13
  6786 | D:10     | Noticed Psyche
  6798 | D:10     | Killed Psyche
  6798 | D:10     | Reached skill level 9 in Maces & Flails
  7096 | D:9      | Reached skill level 5 in Invocations
  7358 | D:8      | Noticed a two-headed ogre
  7373 | D:8      | HP: 25/63 [two-headed ogre/+0 giant club (19)]
  7374 | D:8      | HP: 4/63 [two-headed ogre/+0 giant club (10)]
  7387 | D:8      | Killed a two-headed ogre
  8115 | D:8      | Reached ** piety under the Shining One
  8368 | D:8      | Reached skill level 10 in Maces & Flails
  9086 | D:9      | Noticed an unseen horror
  9119 | D:9      | Killed an unseen horror
  9119 | D:9      | Reached XP level 11. HP: 56/68 MP: 15/15
  9526 | D:9      | Reached *** piety under the Shining One
  9657 | D:9      | Found a snail-covered altar of Cheibriados.
  9937 | D:10     | Noticed Sonja
  9942 | D:10     | Noticed Sonja
  9942 | D:10     | Sonja changed into Sonja the warg
  9951 | D:10     | Killed Sonja the warg
 10627 | D:11     | Noticed a manticore
 10643 | D:10     | HP: 27/69 [manticore (8)]
 10646 | D:10     | Killed a manticore
 10880 | D:10     | HP: 26/69 [freezing wraith (9)]
 10885 | D:10     | HP: 15/69 [freezing wraith (9)]
 10886 | D:10     | HP: 5/69 [freezing wraith (4)]
 10886 | D:10     | The Shining One protects you from harm!
 10894 | D:10     | HP: 12/69 [freezing wraith (2)]
 10896 | D:10     | Slain by a freezing wraith

Skill      XL: |  1  2  3  4  5  6  7  8  9 10 |
---------------+-------------------------------+-----
Maces & Flails | 3 4 5 6 7 8 10 | 10.7
Fighting       | 4 5 6 7 8 |  8.5
Armour         | 4 5 6 8 |  8.4
Shields        | 4 5 6 7 8 |  8.5
Invocations    | 1 2 4 6 |  6.6

Action                   |  1- 3 |  4- 6 |  7- 9 | 10-12 || total
-------------------------+-------+-------+-------+-------++-------
Melee: Flail             |   134 |   125 |   342 |   272 ||   873
       Morningstar       |       |       |       |    81 ||    81
Throw: Throwing net      |       |       |       |     1 ||     1
Invok: Divine Shield     |       |       |       |     1 ||     1
Evoke: Wand              |       |       |       |     6 ||     6
  Use: Scroll            |       |       |    18 |     5 ||    23
       Potion            |       |       |     1 |     1 ||     2
  Eat: Chunk             |     1 |     3 |    11 |    11 ||    26
       Ration            |       |       |     1 |     3 ||     4
Armor: Scale mail        |    59 |    62 |    42 |       ||   163
       Chain mail        |       |       |   122 |   234 ||   356
Dodge: Dodged            |    37 |    26 |    58 |    62 ||   183
Block: Shield            |    48 |       |       |       ||    48
       Large shield      |    41 |   112 |   285 |   382 ||   820
       Buckler           |     1 |       |       |       ||     1

Levels and vault maps discovered:
D:1:      dpeg_arrival_three_smaller_balls, layout_rooms
D:2:      layout_rooms, first_ration, uniq_crazy_yiuf_cottage, uniq_sigmund
D:3:      layout_basic, uniq_grinder
D:4:      minmay_evil_eye, layout_loops_corners,
          chequers_temple_overflow_minitemple, nicolae_temple_entry_ecumenical
D:5:      layout_basic, minivault_24, serial_bayou_pond_e, grunt_tough_drop,
          uniq_edmund
D:6:      layout_basic, uniq_pikel
D:7:      layout_rooms
D:8:      layout_layer_cave, hangedman_little_slice_of_home
D:9:      layout_roguey, chei_slow_surprise
D:10:     layout_stronghold, uniq_psyche, uniq_maurice, uniq_sonja
D:11:     layout_roguey, david_lair_generic, minmay_orc_entry_guard_dogs,
          minmay_bent, uniq_josephine
Temple:   minmay_crystal_spiral_temple
